 Dungeon Crawl Stone Soup version 0.28.0-43-g3370ac3207 (webtiles) character file.

Game seed: 1101768366864512116

928 Descartes the Placeless Cat (level 7, -7/33 HPs)
             Began as a Felid Wanderer on Mar 11, 2022.
             Was an Initiate of Elyvilon.
             Killed from afar by an acid dragon (22 damage)
             ... with a splash of acid
             ... on level 6 of the Dungeon on Mar 13, 2022.
             The game lasted 00:23:40 (12977 turns).

Descartes the Placeless Cat (Felid Wanderer)       Turns: 12977, Time: 00:23:41

Health: -7/33      AC:  2    Str:  6    XL:     7   Next: 85%
Magic:  8/9        EV: 19    Int: 17    God:    Elyvilon [......]
Gold:   273        SH:  0    Dex: 16    Spells: 2/8 levels left
                                        Lives:  0   Deaths: 2

rFire   . . .      SeeInvis +     - Unarmed
rCold   + . .      Faith    .   (shield unavailable)
rNeg    . . .      Spirit   .   (armour unavailable)
rPois   .          Reflect  .   (helmet unavailable)
rElec   .          Harm     .   (cloak unavailable)
rCorr   .          Rampage  .   (gloves unavailable)
Will    +....                   (boots unavailable)
Stlth   +++.......              (no amulet)
HPRegen 0.11/turn               j - ring of protection from cold
MPRegen 0.11/turn               n - ring of wizardry

@: appendages (expiring), quick
A: horns 2, very small, claws 1, fangs 3, see invisible, speed 1, shaggy fur 2,
stealthy paws, no weapons or thrown items, no armour, multi-lived
a: End Transformation, Renounce Religion


You were on level 6 of the Dungeon.
You worshipped Elyvilon.
Elyvilon was noncommittal.
You had temporarily grown beastly horns.
You visited 2 branches of the dungeon, and saw 7 of its levels.

You collected 273 gold pieces.

Inventory:

Jewellery
 j - a ring of protection from cold (left paw)
 n - a ring of wizardry (right paw)
 o - an amulet of reflection
Wands
 m - a wand of paralysis (4)
 p - a wand of flame (16)
Scrolls
 a - a scroll of enchant armour {unknown}
 c - a scroll of noise {unknown}
 d - 3 scrolls of identify {unknown}
 e - 2 scrolls of brand weapon {unknown}
 g - a scroll of holy word {unknown}
 h - 5 scrolls of teleportation {unknown}
 i - 7 scrolls of fog {unknown}
 k - a scroll of torment {unknown}
 l - a scroll of acquirement {unknown}
 q - a scroll of immolation {unknown}
Potions
 b - a potion of might
 f - 3 potions of flight
 r - a potion of heal wounds


   Skills:
 - Level 5.0 Fighting
 + Level 5.2 Dodging
 + Level 6.0 Stealth
 + Level 4.1 Unarmed Combat
 - Level 1.0 Spellcasting
 + Level 8.4 Translocations
 + Level 5.0 Transmutations
 + Level 2.4 Invocations
 + Level 3.4 Evocations


You had 2 spell levels left.
You knew the following spells:

 Your Spells              Type           Power      Damage    Failure   Level
a - Beastly Appendage     Tmut           34%        N/A       1%          1
b - Apportation           Tloc           58%        N/A       1%          1
c - Passage of Golubria   Tloc           29%        N/A       2%          4

Your spell library contained the following spells:

 Spells                   Type           Power      Damage    Failure   Level
 Lesser Beckoning         Tloc           29%        N/A       1%          3
 Spider Form              Tmut/Pois      9%         N/A       9%          3
 Ignite Poison            Fire/Tmut/Pois 6%         N/A       13%         3
 Conjure Flame            Conj/Fire      0%         6-21      26%         3
 Sticky Flame             Conj/Fire      0%         2d3       61%         4


Dungeon Overview and Level Annotations

Branches:
Dungeon (6/15)             Temple (1/1) D:5

Altars:
Ashenzari
Cheibriados
Dithmenos
Elyvilon
Fedhas
Gozag
Hepliaklqana
Kikubaaqudgha
Makhleb
Nemelex Xobeh
Okawaru
Qazlal
Ru
Sif Muna
Trog
Uskayaw
Vehumet
Wu Jian
Xom
Yredelemnul
Zin
The Shining One

Annotations:
D:6 Edmund


Innate Abilities, Weirdness & Mutations

You have temporarily grown beastly horns.
You have sharp claws.
You have razor-sharp teeth.
You have supernaturally acute eyesight. (SInv)
You cover ground quickly. (Speed+)
You are covered in thick fur. (AC +2)
Your paws help you pounce on unaware monsters.
You are incapable of wielding weapons or throwing items.
You cannot wear armour.
You gain extra lives every three experience levels.


Message History

Casting: Beastly Appendage (safe; 1% risk of failure)
Confirm with . or Enter, or press ? or * to list all spells.
You grow a pair of large bovine horns.
The helpless adder fails to defend itself.
You mangle the adder!!
You kill the adder!
Your Unarmed Combat skill increases to level 4!
No target in view!
Your transformation is almost over.
d - 3 scrolls labelled POXUOMUUGAE (gained 1)
Your horns disappear.
Casting: Beastly Appendage (safe; 1% risk of failure)
Confirm with . or Enter, or press ? or * to list all spells.
You grow a pair of large bovine horns.
The steam dragon hisses angrily.
The steam dragon breathes steam at you. The ball of steam hits you!!
Ouch! That really hurt!
You are too injured to fight recklessly!
The steam dragon barely misses you. The steam dragon closely misses you.
Aiming: Paralyse
Press: ? - help, Shift-Dir - straight line, f - steam dragon
Aim: a steam dragon (catching its breath, chance to affect: 57%)
The steam dragon suddenly stops moving!
Your transformation is almost over.
An acid dragon comes into view.
You pounce on the unaware helpless steam dragon!
You mangle the steam dragon!!
You kill the steam dragon!
Your Stealth skill increases to level 6!
Your Transmutations skill increases to level 5!
Aiming: Paralyse
Press: ? - help, Shift-Dir - straight line, f - acid dragon
Aim: an acid dragon (wandering, hasn't noticed you, chance to affect: 57%)
The acid dragon roars!
The acid dragon resists with significant effort.
The acid dragon spits acid at you. The splash of acid hits you!!
Ouch! That really hurt!
You die...

#...# #...### #............#
#...# #...#<###............#
#...# #..D....#............'
#...# #.......#......†.....#
#######.......#............#
........##....#............# #
#.#####.##....#............#
....#####.##....#............#
#...D§§.##..@.#............#
#.#####.##....+..###########
#.##....##.####
#.##....+.....#
#.##...§#####.#
#.##....#####.#######
#......§............#
#####################


You could see an acid dragon (catching breath).

Vanquished Creatures
  A cyclops (D:6)
  A steam dragon (D:6)
  Menkaure (D:5)
  An orc warrior (D:5)
  An ice beast (D:6)
  An ogre (D:5)
  A sky beast (D:6)
  A phantom (D:6)
  2 scorpions
  A water moccasin skeleton (D:4)
  A bullfrog zombie (D:6)
  2 jellies
  2 orc priests
  A bullfrog skeleton (D:4)
  A hound (D:6)
  Terence (D:2)
  An orc wizard (D:3)
  3 gnolls (D:2)
  8 adders
  An ufetubus (D:5)
  7 dart slugs
  11 orcs
  9 endoplasms
  4 giant cockroaches
  15 goblins
  8 hobgoblins
  7 kobolds
  3 quokkas
  3 ball pythons
  5 bats
  3 frilled lizards
  8 rats
115 creatures vanquished.

Notes
Turn   | Place    | Note
-------+----------+-------------------------------------------
     0 | D:1      | Descartes the Felid Wanderer began the quest for the Orb.
     0 | D:1      | Descartes set off with the following items: a potion of
                  | curing; and the following spells available to memorise:
                  | Apportation, Beastly Appendage, Lesser Beckoning, Passage
                  | of Golubria, Spider Form
     0 | D:1      | Reached XP level 1. HP: 10/10 MP: 3/3
     2 | D:1      | Learned a level 1 spell: Beastly Appendage
   361 | D:1      | Reached skill level 6 in Translocations
   369 | D:1      | Reached XP level 2. HP: 9/14 MP: 4/4
   526 | D:1      | Reached skill level 1 in Dodging
   869 | D:1      | Found a faded altar of an unknown god.
   917 | D:1      | Reached skill level 1 in Stealth
  1324 | D:1      | Reached XP level 3. HP: 17/17 MP: 2/5
  2089 | D:2      | Reached skill level 1 in Unarmed Combat
  3095 | D:2      | Noticed Terence
  3375 | D:2      | Killed Terence
  3376 | D:2      | Reached XP level 4. HP: 9/21 MP: 6/6
  4683 | D:3      | Found a broken altar of Ashenzari.
  4934 | D:3      | Reached XP level 5. HP: 22/24 MP: 7/7
  7559 | D:4      | Gained mutation: You are covered in thick fur. (AC +2)
                  | [Felid growth]
  7559 | D:4      | Reached XP level 6. HP: 5/28 MP: 5/8
  8188 | D:3      | Reached skill level 7 in Translocations
  8691 | D:5      | Entered Level 5 of the Dungeon
  8702 | D:5      | Reached skill level 1 in Evocations
  8712 | D:5      | Reached XP level 7. HP: 10/32 MP: 7/9
  8948 | D:5      | Noticed Menkaure
  9315 | D:5      | HP: 1/48 [Menkaure (4)]
  9319 | D:5      | Killed Menkaure
  9322 | D:5      | Learned a level 1 spell: Apportation
  9958 | D:5      | Found a staircase to the Ecumenical Temple.
 10119 | Temple   | Entered the Ecumenical Temple
 10284 | Temple   | Became a worshipper of Elyvilon the Healer
 10644 | D:6      | Noticed Edmund
 11064 | D:6      | Reached skill level 1 in Invocations
 11404 | D:6      | Reached XP level 8. HP: 11/36 MP: 10/10
 11981 | D:5      | Killed from afar by an orc priest
 11982 | D:5      | Reached XP level 7. HP: -1/33 MP: 9/9
 12010 | D:5      | Elyvilon protects you from harm!
 12317 | D:6      | Noticed a steam dragon
 12323 | D:6      | HP: 1/33 [steam dragon] (5)]
 12324 | D:6      | Elyvilon protects you from harm!
 12325 | D:6      | Engulfed by a steam dragon's steam
 12326 | D:6      | Reached XP level 6. HP: -6/29 MP: 8/8
 12365 | D:6      | Noticed a cyclops
 12650 | D:5      | Killed an orc warrior
 12651 | D:5      | Reached skill level 8 in Translocations
 12656 | D:5      | Learned a level 4 spell: Passage of Golubria
 12878 | D:6      | Killed a cyclops
 12879 | D:6      | Reached skill level 5 in Fighting
 12879 | D:6      | Reached skill level 5 in Dodging
 12879 | D:6      | Reached skill level 5 in Stealth
 12879 | D:6      | Reached XP level 7. HP: 33/33 MP: 7/9
 12976 | D:6      | Killed a steam dragon
 12977 | D:6      | Reached skill level 5 in Transmutations
 12977 | D:6      | Killed from afar by an acid dragon

Illustrated notes

Levels and vault maps discovered:
D:1:      dpeg_arrival_three_same_balls, layout_loops_ring,
          hellmonk_ecumenical_altar_leap_of_faith, serial_park_tiny_1
D:2:      layout_basic, uniq_terence
D:3:      layout_basic, mainiacjoe_overflow_tiny_flanked,
          hangedman_decor_opposing, minmay_cut_off
D:4:      kennysheep_the_goblin_king, layout_loops_corners
D:5:      layout_basic, uniq_menkaure
D:6:      layout_basic, uniq_sigmund, uniq_edmund
Temple:   kilobyte_greek_temple

Skill      XL: |  1  2  3  4  5  6  7 |
---------------+----------------------+-----
Translocations | 6 8 |  8.4
Dodging        | 1 2 3 5 4 |  5.2
Stealth        | 1 2 3 5 6 |  6.0
Unarmed Combat | 1 2 4 |  4.1
Transmutations | 3 5 |  5.0
Fighting       | 5 |  5.0
Evocations     | 3 2 |  3.4
Invocations    | 2 1 |  2.4
Spellcasting   | |  1.0

Action                   |  1- 3 |  4- 6 |  7- 9 || total
-------------------------+-------+-------+-------++-------
Melee: Unarmed           |   128 |   211 |   108 ||   447
       Bite              |    12 |    25 |    14 ||    51
       Punch             |     3 |    10 |     4 ||    17
       Headbutt          |    15 |    42 |    25 ||    82
 Cast: Beastly Appendage |    23 |    53 |    20 ||    96
       Passage of Golubr |       |     2 |       ||     2
Evoke: Wand              |       |     3 |     2 ||     5
  Use: Potion            |     5 |     2 |     3 ||    10
 Stab: Sleeping          |     5 |     5 |     4 ||    14
       Paralysed         |       |     6 |     1 ||     7
Armor: Skin              |    12 |    11 |    11 ||    34
Dodge: Dodged            |    97 |   150 |    79 ||   326
